 Dungeon Crawl Stone Soup version 0.30.0-15-g856e2d3f33 (webtiles) character file.

Game seed: 413760543678927464

42 NateTC the Trooper (level 3, 0/24 HPs)
             Began as a Gargoyle Fighter on May 19, 2023.
             Was an Initiate of Gozag.
             Slain by Sigmund
             ... wielding a +0 scythe
              (10 damage)
             ... on level 2 of the Dungeon.
             The game lasted 00:02:20 (1501 turns).

NateTC the Trooper (Gargoyle Fighter)               Turns: 1501, Time: 00:02:21

Health: 0/24       AC: 10    Str: 21    XL:     3   Next: 56%
Magic:  3/3        EV:  9    Int:  8    God:    Gozag
Gold:   67         SH:  4    Dex:  9    Spells: 2/2 levels left

rFire   . . .        a - +0 flail
rCold   . . .        c - +0 buckler
rNeg    + . .        b - +0 scale mail
rPois   ∞            (no helmet)
rElec   +            (no cloak)
rCorr   .            (no gloves)
SInv    .            (no boots)
Will    .....        (no amulet) Stlth
                     (no ring)
HPRegen 0.24/turn    (no ring)
MPRegen 0.08/turn

%: no passive effects
@: no status effects
A: sickness immunity, AC +3, negative energy resistance 1, electricity
resistance, torment resistance 1, petrification resistance
a: Renounce Religion, Potion Petition, Call Merchant, Bribe Branch


You were on level 2 of the Dungeon.
You worshipped Gozag.
Gozag was noncommittal.
You visited 1 branch of the dungeon, and saw 2 of its levels.

You collected 67 gold pieces.

Inventory:

Hand Weapons
 a - a +0 flail (weapon)
Armour
 b - a +0 scale mail (worn)
 c - a +0 buckler (worn)
Scrolls
 e - a scroll of blinking {unknown}
Potions
 d - a potion of might


   Skills:
 - Level 4.0 Fighting
 + Level 3.2 Maces & Flails
 - Level 3.2 Armour
 - Level 3.2 Shields


You had 2 spell levels left.
You didn't know any spells.
Your spell library was empty.

Dungeon Overview and Level Annotations

Branches:
Dungeon (2/15) Zot: 10466

Altars:
Gozag

Shops:
D:2 (==(

Annotations:
D:2 Sigmund


Innate Abilities, Weirdness & Mutations

You are immune to sickness and miasma.
Your stone body is resilient. (AC +3)
You are immune to poison.
You resist negative energy. (rN+)
You are resistant to electric shocks. (rElec)
You are resistant to unholy torment.
You are immune to petrification.


Message History

The ball python barely misses you. The ball python constricts you.
You closely miss the ball python.
The ball python is severely wounded.
The ball python completely misses you. The ball python constricts you.
The ball python bites you but does no damage.
The ball python constricts you.
You barely miss the ball python.
The ball python is severely wounded.
The ball python bites you but does no damage.
The ball python constricts you.
You hit the ball python.
You kill the ball python!
No target in view!
You now have 67 gold pieces (gained 4).
There is a stone staircase leading down here.
Found Giduol's Weapon Emporium.
No reachable target in view!
Sigmund the Dreaded comes into view.
He is wielding a +0 scythe.
Sigmund gestures wildly while chanting.
Sigmund flickers and vanishes!
Deactivating autopickup; reactivate with Ctrl-A.
No reachable target in view!
There is a strange disturbance nearby!
No reachable target in view!
There is a strange disturbance nearby!
No reachable target in view!
There is a strange disturbance nearby!
You are confused.
Something hits you but does no damage. Something hits you but does no damage.
You bump into the rock wall.
You bump into the rock wall.
Something hits you.
You miss something. Something hits you but does no damage.
You bump into the rock wall.
You feel less confused. Something hits you!
You barely miss something. You hit something. Something hits you!
You die...
Your body crumbles into a pile of gold.

#.##########...
#.............#
######..#####..
#..#(..#.#
##.#####..
#...∩...#
##.#####.#
#..#(..#.#
#@{#####.#
#........#
#.....##.#
#####.# .# ...
.... ..


You could see 2 dancing weapons.

Vanquished Creatures
  2 dart slugs (D:1)
  7 ball pythons
  3 endoplasms
  2 giant cockroaches
  4 goblins (D:1)
  4 hobgoblins
  5 bats
  5 frilled lizards
  4 rats
36 creatures vanquished.

Notes
Turn   | Place    | Note
-------+----------+-------------------------------------------
     0 | D:1      | NateTC the Gargoyle Fighter began the quest for the Orb.
     0 | D:1      | Reached XP level 1. HP: 14/14 MP: 1/1
   174 | D:1      | Reached XP level 2. HP: 20/20 MP: 2/2
   368 | D:1      | Reached skill level 4 in Fighting
   470 | D:1      | Reached XP level 3. HP: 24/24 MP: 3/3
  1308 | D:2      | Found Wymuckul's Weapon Emporium.
  1333 | D:2      | Found Naopupp's Jewellery Shoppe.
  1409 | D:2      | Found Wiuhol's Jewellery Boutique.
  1411 | D:2      | Found a faded altar of an unknown god.
  1424 | D:2      | Prayed at the altar of an unknown god.
  1424 | D:2      | Became a worshipper of Gozag Ym Sagoz the Greedy
  1485 | D:2      | Noticed a +0 triple crossbow
  1486 | D:2      | Found Giduol's Weapon Emporium.
  1487 | D:2      | Noticed a +0 demon trident
  1490 | D:2      | Noticed Sigmund
  1501 | D:2      | Slain by Sigmund

Illustrated notes

Levels and vault maps discovered:
D:1:      erik_arrival_triangle_small, layout_basic, serial_co_window_serial,
          co_window_paths_a, co_window_paths_a, co_window_paths_b,
          co_window_paths_a, co_window_paths_b, co_window_corner_a,
          co_window_corner_a, co_window_unsneaky_path_b, co_window_corner_b,
          co_window_broadway_b, co_window_corner_b, co_window_cross_3,
          co_window_of_opportunity_c, co_window_corner_ca, co_window_4corner_b,
          glass_columns_a, glass_columns_a, minmay_pentomino_w2
D:2:      minmay_thinvault, layout_loops_corners, basic_ecumenical_altar,
          serial_shops, shop, nicolae_shop_mannequins, nicolae_shop_peninsula,
          shop, dreamdust_princess_bridge, grunt_ministairs_2, uniq_sigmund,
          uniq_jessica

Skill      XL: |  1  2  3 |
---------------+----------+-----
Fighting       | 4 |  4.0
Maces & Flails | 3 |  3.2
Armour         | |  3.2
Shields        | |  3.2

Action                     || total
---------------------------++-------
  Melee: Flail             ||   110
    Use: Scroll            ||     2
 Armour: Scale mail        ||    60
  Dodge: Dodged            ||    79
  Block: Buckler           ||    32
